 Dungeon Sprint DCSS version 0.17-a0-1738-g82cdc46 (webtiles) character file.

611 cmyster the Basher (level 7, -7/89 HPs)
             Began as an Ogre Berserker on Aug 30, 2015.
             Was a Priest of Trog.
             Mangled by a centaur warrior (12 damage)
             ... in the Dungeon (Sprint I: "Red Sonja").
             The game lasted 00:03:02 (356 turns).

cmyster the Basher (Ogre Berserker)                  Turns: 356, Time: 00:03:02

Health: -7/89      AC:  3    Str: 23    XL:     7   Next: 44%
Magic:  7/7        EV: 13    Int:  7    God:    Trog [***...]
Gold:   297        SH:  0    Dex: 10    Spells: 0 memorised, 6 levels left

rFire  . . .     SeeInvis .     h - +0 giant spiked club
rCold  . . .     Clarity  .     b - +0 animal skin
rNeg   . . .     SustAt   .     (no shield)
rPois  .         Gourm    .     (helmet restricted)
rElec  .         Spirit   .     (no cloak)
rCorr  .         Warding  .     (gloves unavailable)
rMut   .         NoTele   +     (boots unavailable)
MR     .....                    (no amulet)
Stlth  +.........               (no ring)
                                (no ring)

@: not resistant to hostile enchantments, very unstealthy
A: unfitting armour, tough skin 1
a: Burn Spellbooks, Berserk, Trog's Hand, Renounce Religion


You were in the Dungeon.
You worshipped Trog.
Trog was most pleased with you.
You were not hungry.

You visited 1 branch You collected 297 gold pieces.

Inventory:

Hand weapons
 a - a +0 mace
 h - a +0 giant spiked club (weapon)
Armour
 b - a +0 animal skin (worn)
Scrolls
 i - a scroll of blinking
Potions
 d - a potion of curing
 e - a potion of heal wounds
 f - a potion of haste
 g - 2 potions of magic
 k - a potion of flight {unknown}
Comestibles
 c - a bread ration
 j - 4 chunks of flesh


   Skills:
 + Level 11.9 Fighting
 + Level 12.2 Maces & Flails
 + Level 8.8 Dodging
 + Level 0.5 Stealth


You had 6 spell levels left.
You didn't know any spells.

Dungeon Overview and Level Annotations

Branches:
Dungeon (1/1)

Altars:
Cheibriados
Dithmenos
Elyvilon
Fedhas
Gozag
Kikubaaqudgha
Makhleb
Nemelex Xobeh
Okawaru
Qazlal
Ru
Sif Muna
Trog
Vehumet
Xom
Yredelemnul
Zin
The Shining One
Jiyva

Shops:
D [


Innate Abilities, Weirdness & Mutations

You are too large for most types of armour.
You have tough skin (AC +1).


Message History

Moving in this stuff is going to be slow.
The centaur warrior shoots an arrow.
The arrow hits you!!
You hear a shout!
The centaur warrior shouts!
The centaur warrior unwields an uncursed shortbow.
The centaur warrior hits you. The centaur warrior hits you!
You closely miss the centaur warrior. The centaur warrior hits you.
The centaur warrior barely misses you. The centaur warrior hits you.
You impale the centaur warrior!!
The centaur warrior is heavily wounded.
The centaur warrior barely misses you. The centaur warrior hits you!
* * * LOW HITPOINT WARNING * * *
The centaur warrior closely misses you. The centaur warrior hits you!
* * * LOW HITPOINT WARNING * * *
You closely miss the centaur warrior.
The centaur warrior is heavily wounded.
The centaur warrior hits you!
* * * LOW HITPOINT WARNING * * *
The centaur warrior hits you!
You die...

##################
<.#..'÷.#..'..#__#
..').#..').#..'^.+
..#####'#####'#__####
..####..#...#(####§$#
..#__####..##(#§§c§.#
..#_..__##'#..§§@c§§+
⌠⌠#_.∩...'..._#§§§.§#
###_..._##_.#'##+####
#_____###+#.# #######
###


You could see 2 centaur warriors.

Vanquished Creatures
  A slime creature (D)
  Sigmund (D)
  A yak (D)
  An ogre (D)
  A jelly (D)
  Ijyb (D)
6 creatures vanquished.

Notes
Turn   | Place    | Note
--------------------------------------------------------------
     0 | D        | cmyster the Ogre Berserker began the quest for the Orb.
     0 | D        | Reached XP level 1. HP: 24/24 MP: 1/1
     3 | D        | Noticed Ijyb
    11 | D        | Killed Ijyb
    11 | D        | Reached skill level 6 in Fighting
    11 | D        | Reached skill level 5 in Maces & Flails
    11 | D        | Reached XP level 2. HP: 27/36 MP: 2/2
    11 | D        | Reached XP level 3. HP: 33/44 MP: 3/3
   160 | D        | Noticed an ogre
   166 | D        | Killed an ogre
   166 | D        | Reached skill level 8 in Fighting
   166 | D        | Reached skill level 5 in Dodging
   166 | D        | Reached XP level 4. HP: 57/57 MP: 4/4
   166 | D        | Reached XP level 5. HP: 63/63 MP: 5/5
   222 | D        | Noticed Sigmund
   227 | D        | Killed Sigmund
   227 | D        | Acquired Trog's second power
   227 | D        | Reached skill level 10 in Fighting
   227 | D        | Reached skill level 10 in Maces & Flails
   227 | D        | Reached XP level 6. HP: 67/78 MP: 6/6
   285 | D        | Found a deep blue altar of Sif Muna.
   286 | D        | Noticed a jelly
   287 | D        | Found a radiant altar of Vehumet.
   289 | D        | Killed a jelly
   293 | D        | Found a snail-covered altar of Cheibriados.
   293 | D        | Found a viscous altar of Jiyva.
   293 | D        | Found a shadowy altar of Dithmenos.
   293 | D        | Found a blossoming altar of Fedhas.
   293 | D        | Noticed a slime creature
   297 | D        | Killed a slime creature
   297 | D        | Reached skill level 11 in Fighting
   297 | D        | Reached XP level 7. HP: 74/88 MP: 7/7
   325 | D        | Found Wiomaik's Armour Emporium.
   325 | D        | Found a white marble altar of Elyvilon.
   325 | D        | Found a stormy altar of Qazlal.
   325 | D        | Found a burning altar of Makhleb.
   325 | D        | Found a sacrificial altar of Ru.
   325 | D        | Found a basalt altar of Yredelemnul.
   325 | D        | Found a glowing golden altar of the Shining One.
   325 | D        | Found a sparkling altar of Nemelex Xobeh.
   325 | D        | Found a shimmering altar of Xom.
   325 | D        | Found an opulent altar of Gozag.
   325 | D        | Found an ancient bone altar of Kikubaaqudgha.
   325 | D        | Found a glowing silver altar of Zin.
   325 | D        | Noticed a yak
   329 | D        | Killed a yak
   329 | D        | Reached skill level 12 in Maces & Flails
   330 | D        | Found an iron altar of Okawaru.
   331 | D        | Found a bloodstained altar of Trog.
   350 | D        | Noticed a centaur warrior
   351 | D        | Noticed a centaur warrior
   356 | D        | Mangled by a centaur warrior

Vault maps used:
D:        dungeon_sprint_1

Action                   |  1- 3 |  4- 6 |  7- 9 || total
-------------------------+-------+-------+-------++-------
Melee: Mace              |    12 |       |       ||    12
       Giant spiked club |       |     8 |     7 ||    15
Invok: Berserk           |     1 |       |       ||     1
  Use: Potion            |     1 |       |       ||     1
